 Dungeon Crawl Stone Soup version 0.21-a0-404-g291f19a (webtiles) character file.

3755 grizmgrazm2 the Frost Mage (level 10, -3/81 HPs)
             Began as a Ghoul Ice Elementalist on Oct 29, 2017.
             Was a Follower of Okawaru.
             Slain by a two-headed ogre
             ... wielding a +0 giant club
              (9 damage)
             ... on level 8 of the Dungeon.
             The game lasted 00:37:43 (7264 turns).

grizmgrazm2 the Frost Mage (Ghoul Ice Elementalist) Turns: 7264, Time: 00:37:44

Health: -3/81      AC: 14    Str: 13    XL:     10   Next: 15%
Magic:  13/18      EV: 10    Int: 16    God:    Okawaru [*.....]
Gold:   250        SH:  6    Dex:  9    Spells: 14/21 levels left

rFire    . . .     SeeInvis .   h - +0 hunting sling
rCold    + . .     Gourm    .   x - +2 buckler
rNeg     + + +     Faith    .   g - +0 ring mail
rPois    ∞         Spirit   .   t - +2 helmet {Int+3}
rElec    .         Reflect  .   F - +2 cloak {rPois}
rCorr    .         Harm     .   (no gloves)
MR       +....                  (no boots)
Stlth    +.........             (no amulet)
HPRegen  0.00/turn              A - +3 ring of protection
MPRegen  0.16/turn              E - ring of protection from magic

@: rotting
A: rotting body, claws 1, carnivore 3, cold resistance 1, negative energy
resistance 3, inhibited regeneration, torment resistance, unbreathing
a: Heroism, Renounce Religion


You were on level 8 of the Dungeon.
You worshipped Okawaru.
Okawaru was aware of your devotion.
You were not hungry.

You visited 2 branches of the dungeon, and saw 10 of its levels.

You collected 334 gold pieces.
You spent 84 gold pieces at shops.

Inventory:

Hand Weapons
 a - a +1 vampiric falchion
 h - a +0 hunting sling (weapon)
Missiles
 i - 280 stones
 m - 18 sling bullets (quivered)
Armour
 g - a +0 ring mail (worn)
 t - a +2 helmet of intelligence (worn)
 x - a +2 buckler (worn)
 F - a +2 cloak of poison resistance (worn)
Magical Staves
 p - an uncursed staff of poison
 J - an uncursed staff of cold
Jewellery
 r - an uncursed ring of stealth
 u - an uncursed ring of fire
 A - a +3 ring of protection (left claw)
 C - an uncursed ring of see invisible
 E - a ring of protection from magic (right claw)
Wands
 k - a wand of flame (0/48)
 l - a wand of confusion (4/48)
 o - a wand of polymorph (11/24)
 v - a wand of flame (46/48)
 w - a wand of acid (0/15)
 G - a wand of flame (27/48)
 L - a wand of lightning (8/15)
 M - a wand of digging (12/24)
Scrolls
 f - a scroll of amnesia
 y - 2 scrolls of remove curse
 D - a scroll of teleportation
 K - 2 scrolls of identify
Potions
 d - 6 potions of curing
 e - a potion of haste {unknown}
 j - 3 potions of might
 n - a potion of lignification
 q - 2 potions of mutation {unknown}
 s - a potion of invisibility
 z - a potion of agility
 H - a potion of degeneration {unknown}
Books
 b - a book of Frost

   Spells                             Type                      Level
   a - Freeze                         Ice                          1
   b - Throw Frost                    Conjuration/Ice              2
   c - Ozocubu's Armour               Charms/Ice                   3
   d - Throw Icicle                   Conjuration/Ice              4
   e - Summon Ice Beast               Ice/Summoning                4
 I - a book of Minor Magic

   Spells                             Type                      Level
   a - Magic Dart                     Conjuration                  1
   b - Blink                          Translocation                2
   c - Call Imp                       Summoning                    2
   d - Slow                           Hexes                        2
   e - Conjure Flame                  Conjuration/Fire             3
   f - Mephitic Cloud                 Conjuration/Poison/Air       3
Comestibles
 c - 6 meat rations
 B - a royal jelly


   Skills:
 + Level 5.4 Fighting
 - Level 1.7 Dodging
 - Level 2.1 Stealth
 - Level 3.8 Shields
 + Level 6.2 Spellcasting
   Level 0.7 Conjurations
 * Level 5.6 Summonings
 - Level 9.5 Ice Magic


You had 14 spell levels left.
You knew the following spells:

 Your Spells              Type           Power        Failure   Level  Hunger
a - Freeze                Ice            ####         1%          1    None
b - Summon Ice Beast      Ice/Summ       ####....     13%         4    ####...
c - Blink                 Tloc           N/A          41%         2    None


Dungeon Overview and Level Annotations

Branches:
Dungeon (9/15)             Temple (1/1) D:7             Orc (0/2) D:9
   Lair: D:8-11

Altars:
Ashenzari
Cheibriados
Dithmenos
Fedhas
Hepliaklqana
Kikubaaqudgha
Makhleb
Okawaru
Qazlal
Ru
Sif Muna
Trog
Uskayaw
Vehumet
Xom
Zin
The Shining One

Shops:
D:5 }*}

Annotations:
D:3 jhonbiscuit's ghost, amateur DsGl
D:8 2 runed doors


Innate Abilities, Weirdness & Mutations

Your body is rotting away.
You thrive on raw meat.
You are immune to poison.
You have sharp fingernails.
You are carnivorous and can eat meat at any time.
Your flesh is cold resistant. (rC+)
You are immune to negative energy. (rN+++)
You do not regenerate when monsters are visible.
You are immune to unholy pain and torment.
You can survive without breathing.


Message History

Aim: a two-headed ogre, wielding two giant clubs (heavily wounded)
You freeze the two-headed ogre.
The two-headed ogre is severely wounded.
The two-headed ogre hits you with a giant club!!
The two-headed ogre hits you with a giant club.
* * * LOW HITPOINT WARNING * * *
You feel better.
The two-headed ogre hits you with a giant club!!
* * * LOW HITPOINT WARNING * * *
The two-headed ogre barely misses you.
Casting: Freeze
Confirm with . or Enter, or press ? or * to list all spells.
Aiming: Freeze
Press: ? - help, Shift-Dir - straight line, f/p - two-headed ogre
Aim: a two-headed ogre, wielding two giant clubs (severely wounded)
You freeze the two-headed ogre.
The two-headed ogre is severely wounded.
The two-headed ogre hits you but does no damage.
The two-headed ogre hits you with a giant club!
You die...

#............ .(.
#...[........ ..
#...<........ #(.
##............ #..
##............. ##..
#..######...... #..(#
#.##....##.....
#.#.O###.#.####.#.....
#....@...##.#.).#.....
....##++##.'.##.#.#...##
. #####.##.#..##
#=.#.##..# ######


You could see a two-headed ogre.

Vanquished Creatures
  Pikel (D:5)
  A deep elf mage (D:8)
  A hippogriff (D:8)
  A spriggan (D:7)
  A hungry ghost (D:7)
  Duvessa (D:7)
  An orc warrior (D:7)
  The ghost of Barriton the Skirmisher, an amateur DrWn of Makhleb (D:4)
  An ice beast (D:7)
  2 ogres
  A phantom (D:7)
  A centaur (D:6)
  Blork the orc (D:5)
  2 bullfrogs
  Dowan (D:7)
  5 killer bees (D:7)
  3 wights (D:7)
  A vampire bat (D:3)
  3 howler monkeys
  2 crimson imps (D:5)
  A centaur zombie (D:7)
  3 hounds
  3 orc priests
  A bullfrog skeleton (D:6)
  6 orc wizards
  Crazy Yiuf (D:7)
  2 iguanas (D:5)
  5 worker ants
  A worker ant zombie (D:6)
  6 gnolls
  Robin (D:2)
  6 adders
  3 oozes
  An adder zombie (D:5)
  A worm (D:3)
  A dart slug (D:1)
  A leopard gecko (D:7)
  31 orcs
  2 ball pythons
  14 bats
  3 giant cockroaches
  11 goblins
  11 hobgoblins
  10 jackals
  4 quokkas
  5 frilled lizards
  A jackal zombie (D:5)
  6 kobolds
  3 rats
175 creatures vanquished.

Vanquished Creatures (others)
  A slave (D:5)
  A scorpion (D:5)
  A gnoll (D:5)
  2 orcs (D:5)
5 creatures vanquished.

Grand Total: 180 creatures vanquished

Notes
Turn   | Place    | Note
-------+----------+-------------------------------------------
     0 | D:1      | grizmgrazm2 the Ghoul Ice Elementalist began the quest for the Orb.
     0 | D:1      | Reached XP level 1. HP: 14/14 MP: 2/2
   112 | D:1      | Reached XP level 2. HP: 20/20 MP: 0/4
   461 | D:1      | Reached skill level 4 in Ice Magic
   835 | D:2      | Reached XP level 3. HP: 25/26 MP: 2/5
  1301 | D:2      | Noticed Robin
  1326 | D:2      | Reached XP level 4. HP: 26/33 MP: 0/6
  1368 | D:2      | Killed Robin
  1663 | D:3      | Reached skill level 5 in Ice Magic
  1754 | D:3      | Learned a level 4 spell: Summon Ice Beast
  1910 | D:3      | Reached XP level 5. HP: 38/38 MP: 8/8
  1955 | D:3      | Reached skill level 1 in Fighting
  2081 | D:3      | Noticed jhonbiscuit's ghost (amateur DsGl)
  2651 | D:4      | Noticed an ogre
  2656 | D:4      | Killed an ogre
  2656 | D:4      | Reached skill level 6 in Ice Magic
  2656 | D:4      | Reached XP level 6. HP: 33/48 MP: 5/9
  2669 | D:4      | Noticed Barriton's ghost (amateur DrWn)
  2678 | D:4      | Killed Barriton's ghost
  2697 | D:5      | Entered Level 5 of the Dungeon
  2877 | D:4      | Found a stormy altar of Qazlal.
  3284 | D:5      | Reached skill level 1 in Shields
  3284 | D:5      | Reached XP level 7. HP: 49/55 MP: 3/11
  3314 | D:5      | Found Ximewn's General Store.
  3317 | D:5      | Bought a scroll of identify for 28 gold pieces
  3317 | D:5      | Bought a potion of might for 56 gold pieces
  3360 | D:5      | Reached skill level 7 in Ice Magic
  3880 | D:5      | Noticed Blork the orc
  3933 | D:5      | Killed Blork the orc
  4063 | D:5      | Noticed Pikel
  4073 | D:5      | Killed Pikel
  4073 | D:5      | Reached skill level 8 in Ice Magic
  4073 | D:5      | Reached XP level 8. HP: 57/61 MP: 5/13
  4143 | D:5      | Found Dorumul's Gadget Shop.
  4175 | D:5      | Reached skill level 9 in Ice Magic
  4565 | D:5      | Found Etaing's Gadget Shoppe.
  5228 | D:6      | Reached skill level 5 in Spellcasting
  5228 | D:6      | Reached XP level 9. HP: 66/66 MP: 12/15
  5443 | D:7      | Reached skill level 1 in Summonings
  5463 | D:7      | Noticed Duvessa
  5464 | D:7      | Noticed Dowan
  5506 | D:7      | Killed Duvessa
  5515 | D:7      | Killed Dowan
  5685 | D:7      | Found a runed door.
  5689 | D:7      | Noticed Crazy Yiuf
  5692 | D:7      | Killed Crazy Yiuf
  6217 | D:7      | Found a staircase to the Ecumenical Temple.
  6226 | Temple   | Entered the Ecumenical Temple
  6236 | Temple   | Became a worshipper of Warmaster Okawaru
  6506 | D:7      | Learned a level 2 spell: Blink
  6863 | D:9      | Found a staircase to the Orcish Mines.
  6925 | D:7      | Reached * piety under Okawaru
  7161 | D:8      | Found a large runed door.
  7161 | D:8      | Found a large runed door.
  7173 | D:8      | Noticed a deep elf mage
  7184 | D:8      | Reached skill level 5 in Fighting
  7184 | D:8      | Reached skill level 5 in Summonings
  7184 | D:8      | Reached XP level 10. HP: 69/81 MP: 15/18
  7193 | D:8      | Killed a deep elf mage
  7254 | D:8      | Noticed a two-headed ogre
  7264 | D:8      | Slain by a two-headed ogre

Vault maps used:
D:1:      minmay_arrival_stair_chambers, serial_bayou_ford_a
D:2:      uniq_robin
D:3:      grunt_ministairs_13, roderic_batcave, due_unseen_surprise
D:4:      lemuel_doored_altar, hangedman_decor_opposing
D:5:      first_bread, serial_shops, kennysheep_mini_moat, kennysheep_mini,
          nicolae_shop_temple_entry_statues_fountains, uniq_blork_the_orc,
          uniq_pikel
D:7:      lemuel_temple_firewalk_b, the_bakery, uniq_crazy_yiuf_cottage,
          uniq_duvessa
D:8:      minmay_hollow_rounded_squares
D:9:      minmay_orc_entry_temple_small, minmay_misc_feat_room, jiyva_altar_1
Temple:   dpeg_three_leaves_temple

Skill      XL: |  1  2  3  4  5  6  7  8  9 |
---------------+----------------------------+-----
Spellcasting   | 2 3 4 5 6 |  6.2
Ice Magic      | 4 5 6 8 9 |  9.5
Fighting       | 1 2 5 |  5.4
Shields        | 1 3 |  3.8
Summonings     | 5 |  5.6
Dodging        | |  1.7
Stealth        | |  2.1
Conjurations   | |  0.7

Action                   |  1- 3 |  4- 6 |  7- 9 | 10-12 || total
-------------------------+-------+-------+-------+-------++-------
Melee: Unarmed           |     7 |       |       |       ||     7
       Dagger            |     9 |       |       |       ||     9
       Short sword       |    14 |       |    19 |       ||    33
       Falchion          |       |       |    21 |       ||    21
 Fire: Hunting sling     |    20 |   108 |   243 |     5 ||   376
Throw: Stone             |       |       |    18 |       ||    18
 Cast: Freeze            |    40 |    65 |   179 |    12 ||   296
Evoke: Wand              |       |       |    16 |       ||    16
  Use: Scroll            |       |       |    22 |       ||    22
       Potion            |       |       |     3 |     1 ||     4
 Stab: Sleeping          |     1 |       |     1 |       ||     2
       Confused          |       |       |     2 |       ||     2
  Eat: Chunk             |    12 |    17 |    55 |     1 ||    85
Armor: Ring mail         |    23 |    40 |   127 |     4 ||   194
       Robe              |     1 |       |       |       ||     1
Dodge: Dodged            |    40 |    48 |   158 |     4 ||   250
Block: Buckler           |       |     2 |   104 |     2 ||   108
       Rpst.: Falchion   |       |       |     5 |       ||     5

Table legend:
 A = Spawn XP
 B = Non-spawn XP
 C = Spawn XP percentage of total XP
 D = Spawn monster count
 E = Non-spawn monster count
 F = Spawn count percentage of total count
 G = Total turns spent on level
                    A         B        C        D         E        F      G
               +---------+---------+-------+---------+---------+-------+---------
         Total |       0 |    5365 |   0.0 |       0 |     176 |   0.0 |  7264
               +---------+---------+-------+---------+---------+-------+---------
           D:1 |       0 |      33 |   0.0 |       0 |      17 |   0.0 |   828
           D:2 |       0 |      77 |   0.0 |       0 |      20 |   0.0 |   778
           D:3 |       0 |     151 |   0.0 |       0 |      32 |   0.0 |   863
           D:4 |       0 |     347 |   0.0 |       0 |       9 |   0.0 |   797
           D:5 |       0 |    1458 |   0.0 |       0 |      40 |   0.0 |  1404
           D:6 |       0 |     347 |   0.0 |       0 |       9 |   0.0 |   744
           D:7 |       0 |    2070 |   0.0 |       0 |      46 |   0.0 |  1498
           D:8 |       0 |     882 |   0.0 |       0 |       3 |   0.0 |   325
               +---------+---------+-------+---------+---------+-------+---------
